 Dungeon Crawl Stone Soup version 0.28-a0-1167-g616b1c6417 (webtiles) character file.

Game seed: 16287392542511788672

135 Fortus the Ruffian (level 4, -4/35 HPs)
             Began as a Draconian Transmuter on Dec 16, 2021.
             Slain by an ogre (14 damage)
             ... on level 4 of the Dungeon on Dec 17, 2021.
             The game lasted 00:05:21 (2959 turns).

Fortus the Ruffian (Draconian Transmuter)           Turns: 2959, Time: 00:05:21

Health: -4/35      AC:  6    Str: 14    XL:     4   Next: 97%
Magic:  3/7        EV: 12    Int: 13    God:
Gold:   86         SH:  0    Dex: 12    Spells: 4/7 levels left

rFire   + . .      SeeInvis .     - Unarmed
rCold   . . .      Faith    .   (no shield)
rNeg    . . .      Spirit   .   (armour unavailable)
rPois   .          Reflect  .   (helmet currently unavailable)
rElec   .          Harm     .   e - +0 cloak
rCorr   .          Rampage  .   (no gloves)
Will    .....                   (boots currently unavailable)
Stlth   +.........              (no amulet)
HPRegen 0.11/turn               f - ring of protection from fire
MPRegen 0.10/turn               (no ring)

@: appendages, wereblooded
A: horns 2, talons 2, AC +5, unfitting armour, cold-blooded
a: End Transformation


You were on level 4 of the Dungeon.
You had temporarily grown beastly horns and talons.
You visited 1 branch of the dungeon, and saw 4 of its levels.

You collected 86 gold pieces.

Inventory:

Armour
 e - a +0 cloak (worn)
Jewellery
 f - a ring of protection from fire (left hand)
Scrolls
 a - 3 scrolls of identify {unknown}
 b - 2 scrolls of summoning {unknown}
 c - a scroll of teleportation {unknown}
 d - a scroll of noise {unknown}
 g - a scroll of fog {unknown}
Potions
 h - a potion of flight {unknown}
 i - a potion of berserk rage {unknown}
 j - 2 potions of haste {unknown}
 k - a potion of ambrosia {unknown}


   Skills:
 - Level 1.1 Fighting
 - Level 1.7 Dodging
 * Level 5.0 Unarmed Combat
 - Level 2.0 Spellcasting
 + Level 3.3 Transmutations


You had 4 spell levels left.
You knew the following spells:

 Your Spells              Type           Power      Damage    Failure   Level
a - Beastly Appendage     Tmut           20%        N/A       6%          1
b - Wereblood             Tmut           10%        N/A       10%         2

Your spell library contained the following spells:

 Spells                   Type           Power      Damage    Failure   Level
 Spider Form              Tmut/Pois      5%         N/A       36%         3
 Call Canine Familiar     Summ           1%         N/A       58%         3
 Portal Projectile        Hex/Tloc       2%         N/A       58%         3
 Ice Form                 Ice/Tmut       5%         N/A       77%         4
 Leda's Liquefaction      Hex/Erth       0%         N/A       94%         4


Dungeon Overview and Level Annotations

Branches:
Dungeon (4/15)
 Temple: D:4-7

Altars:
Uskayaw
Yredelemnul

Annotations:
D:3 1 runed translucent door


Innate Abilities, Weirdness & Mutations

You have temporarily grown beastly horns and talons.
Your plain brown scales are hard. (AC +5)
You cannot fit into any form of body armour.
You are cold-blooded and may be slowed by cold attacks.


Message History

There is a stone staircase leading up here.
An ogre comes into view. It is wielding a +0 giant club.
An ogre is nearby!
There is a stone staircase leading up here.
You climb upwards.
Level annotation: 1 runed translucent door
There is a stone staircase leading down here.
Save game and exit?
Level annotation: 1 runed translucent door Welcome back, Fortus the Draconian Transmuter.
Press ? for a list of commands and other information.
Partly explored, can't reach some places.
Partly explored, can't reach some places.
You climb downwards.
There is a stone staircase leading up here.
An ogre is nearby!
You grow a pair of large bovine horns.
Your feet morph into talons.
You extend your transformation's duration.
Casting: Beastly Appendage (safe; 6% risk of failure)
Confirm with . or Enter, or press ? or * to list all spells.
Your blood is infused with primal strength.
You barely miss the ogre.
The ogre hits you with a +0 giant club!!
Ouch! That really hurt!
* * * LOW HITPOINT WARNING * * *
You are too injured to fight recklessly!
You are too injured to fight recklessly!
You are too injured to fight recklessly!
You are too injured to fight recklessly!
You are too injured to fight recklessly!
You barely miss the ogre. Your kick misses the ogre. You headbutt the ogre.
You tail-slap the ogre.
The ogre is moderately wounded.
You hit the ogre but do no damage. You claw the ogre. You tail-slap the ogre.
The ogre is heavily wounded.
The ogre barely misses you.
You punch the ogre! You claw the ogre.
The ogre is severely wounded.
The ogre hits you with a +0 giant club!
You die...

#. #.# #.# #.#
#.# #.#
#####.########.
#......<.......
#.###@#######..
#O# #.# ... #.#
#.# #.. ###


You could see an ogre.

Vanquished Creatures
  Terence (D:3)
  4 adders
  An ufetubus (D:3)
  3 worms (D:2)
  3 dart slugs
  4 orcs (D:3)
  5 endoplasms
  3 giant cockroaches
  A goblin (D:2)
  2 hobgoblins
  8 kobolds
  2 quokkas
  4 ball pythons
  4 bats
  3 frilled lizards
  A goblin skeleton (D:3)
  A kobold zombie (D:3)
  6 rats
56 creatures vanquished.

Notes
Turn   | Place    | Note
-------+----------+-------------------------------------------
     0 | D:1      | Fortus the Draconian Transmuter began the quest for the
                  | Orb.
     0 | D:1      | Reached XP level 1. HP: 16/16 MP: 3/3
   470 | D:1      | Reached XP level 2. HP: 23/23 MP: 3/5
   651 | D:1      | Learned a level 2 spell: Wereblood
   884 | D:2      | Found a hide-covered altar of Uskayaw.
  1005 | D:2      | Reached XP level 3. HP: 25/28 MP: 1/6
  1343 | D:2      | Reached skill level 4 in Unarmed Combat
  1984 | D:3      | Reached XP level 4. HP: 32/35 MP: 4/7
  2011 | D:3      | Found a runed translucent door.
  2011 | D:3      | Noticed a human
  2016 | D:3      | Found a basalt altar of Yredelemnul.
  2451 | D:3      | Noticed Terence
  2465 | D:3      | Killed Terence
  2588 | D:3      | Found a faded altar of an unknown god.
  2623 | D:3      | Reached skill level 5 in Unarmed Combat
  2945 | D:4      | Noticed an ogre
  2959 | D:4      | Slain by an ogre

Illustrated notes

Levels and vault maps discovered:
D:1:      amcnicky_arrival_double_pillar, layout_basic
D:2:      layout_loops_ring, basic_altar, minmay_circled_x
D:3:      minmay_evil_eye, layout_basic, dk_yredelemnul_ordeal, serial_glass,
          glass_columns_a, glass_columns_a, feat_on_display,
          shapermc_ecumenical_altar_flowoftime, uniq_terence
D:4:      layout_loops_ring, temple_green, serial_shops, shop, shop,
          kennysheep_mini, shop, minivault_25, st_stairs_1

Skill      XL: |  1  2  3  4 |
---------------+-------------+-----
Unarmed Combat | 4 5 |  5.0
Transmutations | 3 |  3.3
Fighting       | |  1.1
Dodging        | |  1.7
Spellcasting   | |  2.0

Action                   |  1- 3 |  4- 6 || total
-------------------------+-------+-------++-------
Melee: Unarmed           |   112 |    68 ||   180
       Kick              |    21 |    13 ||    34
       Headbutt          |    15 |    12 ||    27
       Punch             |     1 |       ||     1
       Tailslap          |     5 |     7 ||    12
 Cast: Beastly Appendage |    23 |     9 ||    32
       Wereblood         |     3 |     2 ||     5
Armor: Skin              |    42 |    31 ||    73
Dodge: Dodged            |    81 |    48 ||   129

Table legend: (Time is in decaauts)
 A = Elapsed time spent in this place.
 B = Non-inter-level travel time spent in this place.
 C = Inter-level travel time spent in this place.
 D = Time resting spent in this place.
 E = Time spent auto-exploring this place.
 F = Levels seen in this place.
 G = Mean time per level.
                   A        B        C        D        E       F      G
               +--------+--------+--------+--------+--------+-----+--------+
         Total |   2945 |   2880 |     65 |      0 |   2490 |   4 |  736.2 |
       Dungeon |   2945 |   2880 |     65 |      0 |   2490 |   4 |  736.2 |
               +--------+--------+--------+--------+--------+-----+--------+

Top non-repeatable levels by time:
     D:3: 1074 daAuts
     D:2: 985 daAuts
     D:1: 872 daAuts
     D:4: 13 daAuts
